 Dungeon Crawl Stone Soup version 0.31.0-9-g3a7656b989 (webtiles) character file.

Game seed: 5235725530789211295

339 qw the Shooter (level 6, -1/30 HPs)
             Began as a Spriggan Hunter on Feb 2, 2024.
             Slain by a scorpion (3 damage)
             ... on level 5 of the Dungeon.
             The game lasted 00:00:11 (2950 turns).

qw the Shooter (Spriggan Hunter)                    Turns: 2950, Time: 00:00:11

Health: -1/30      AC:  3    Str:  7    XL:     6   Next: 29%
Magic:  7/7        EV: 21    Int: 11    God:
Gold:   229        SH:  0    Dex: 20    Spells: 5/5 levels left

rFire   . . .        a - +0 shortbow
rCold   . . .        (shield currently unavailable)
rNeg    . . .        c - +0 robe
rPois   .            j - +1 hat
rElec   .            (no cloak)
rCorr   .            (gloves unavailable)
SInv    +            (boots unavailable)
Will    +....        (no amulet)
Stlth   ++           (no ring)
HPRegen 0.25/turn    (no ring)
MPRegen 0.10/turn

%: no passive effects
@: lethally poisoned (-1 -> -7), about to teleport, very quick
A: very small, no large weapons, unfitting armour, see invisible, speed 3
a: no special abilities


You were on level 5 of the Dungeon.
You visited 1 branch of the dungeon, and saw 5 of its levels.

You collected 229 gold pieces.


Innate Abilities, Weirdness & Mutations

You are very small and have problems with some larger weapons.
You are too small for most types of armour.
You have supernaturally acute eyesight. (SInv)
You cover ground extremely quickly. (Speed+++)


   Skills:
 - Level 2.0 Fighting
 + Level 6.1 Ranged Weapons
 - Level 6.1 Dodging
 - Level 1.5 Stealth


You had 5 spell levels left.
You didn't know any spells.
Your spell library was empty.

Inventory:

Hand Weapons
 a - a +0 shortbow (weapon)
Armour
 c - a +0 robe (worn)
 j - a +1 hat (worn)
Jewellery
 b - a +4 ring of protection
Wands
 m - a wand of digging (6)
Potions
 d - a potion of enlightenment
 f - a potion of cancellation
 k - a potion of might

Dungeon Overview and Level Annotations

Branches:
Dungeon (5/15)
 Temple: D:4-7

Altars:
Makhleb
Qazlal


Message History

The ogre is almost dead.
You feel sick. The scorpion closely misses you. The ogre closely misses you.
The scorpion barely misses you.
You shoot an arrow. The arrow hits the ogre!
You kill the ogre!
You feel sick.
You are no longer poisoned.
The scorpion misses you.
Your Dodging skill increases to level 6!
You have reached level 6!
You shoot an arrow. The arrow barely misses the scorpion.
The scorpion misses you.
You shoot an arrow.
The arrow hits the scorpion but does no damage.
The scorpion is lightly wounded.
The scorpion misses you.
You shoot an arrow.
The arrow hits the scorpion but does no damage.
The scorpion is lightly wounded.
The scorpion stings you.
The scorpion stings you but does no damage.
You shoot an arrow. The arrow closely misses the scorpion.
The scorpion stings you but does no damage.
You shoot an arrow. The arrow closely misses the scorpion.
The gnoll completely misses you. The scorpion completely misses you.
You shoot an arrow. The arrow hits the scorpion!
The scorpion is severely wounded.
The scorpion stings you.
You are lethally poisoned!
The scorpion poisons you! The gnoll closely misses you.
The scorpion closely misses you. The gnoll completely misses you.
2949 ||| READING scroll of teleportation.
As you read the scroll of teleportation, it crumbles to dust.
You feel strangely unstable.
You feel very sick. The scorpion closely misses you.
The gnoll barely misses you.
You shoot an arrow. The arrow hits the scorpion.
The scorpion is severely wounded.
You feel sick. The scorpion stings you.
You die...

#......#
#........#
#.....(+
#........#
#........#
#####.####
#..###
##...#
####.#.##
#.g.....#
#.#@..#.#
#.s###..#
..... .##
#'..... ..
..##### .#
# .#


You could see a scorpion and a gnoll.

Vanquished Creatures
  A black bear (D:4)
  An ogre (D:5)
  An iguana (D:4)
  5 adders
  A white imp (D:5)
  An ufetubus (D:5)
  A ribbon worm (D:2)
  A dart slug (D:4)
  10 orcs (D:3)
  3 ball pythons (D:1)
  9 bats
  7 endoplasms
  6 giant cockroaches
  8 hobgoblins
  3 kobolds
  3 quokkas
  6 frilled lizards
  5 goblins
  2 rats (D:1)
74 creatures vanquished.

Notes
Turn   | Place    | Note
-------+----------+-------------------------------------------
     0 | D:1      | qw the Spriggan Hunter began the quest for the Orb.
     0 | D:1      | Reached XP level 1. HP: 10/10 MP: 2/2
     0 | D:1      | 0 ||| qw: Version: 0.3-a-155-g5e7d8dd
     0 | D:1      | 0 ||| qw: Game counter: 660
     0 | D:1      | 0 ||| qw: Melee chars always use a shield: true
     0 | D:1      | 0 ||| qw: God list: Okawaru
     0 | D:1      | 0 ||| qw: Allow faded altars: false
     0 | D:1      | 0 ||| qw: Do Orc after clearing Dungeon:15 true
     0 | D:1      | 0 ||| qw: Do second Lair branch before Depths: true
     0 | D:1      | 0 ||| qw: Lair rune preference: random
     0 | D:1      | 0 ||| qw: Goals: Normal
     0 | D:1      | 0 ||| PLANNING D:1-11
    27 | D:1      | Reached skill level 3 in Dodging
   231 | D:1      | Reached XP level 2. HP: 14/14 MP: 3/3
   677 | D:1      | Reached XP level 3. HP: 18/18 MP: 4/4
   799 | D:1      | 799 ||| READING 2 scrolls labelled ILALATZUERU.
   799 | D:1      | 799 ||| IDENTIFYING emerald potion
   800 | D:1      | 800 ||| READING scroll of identify.
   800 | D:1      | 800 ||| IDENTIFYING white potion
   801 | D:1      | 801 ||| READING scroll labelled ZUCU YCWIS.
   802 | D:1      | 802 ||| DROPPING scroll of butterflies.
   803 | D:1      | 803 ||| DROPPING potion of berserk rage.
   870 | D:2      | 870 ||| STAIRDANCE
   947 | D:2      | 947 ||| FLEEEEING.
   952 | D:2      | 952 ||| FLEEEEING.
   954 | D:2      | 954 ||| FLEEEEING.
   956 | D:2      | 956 ||| FLEEEEING.
   957 | D:2      | 957 ||| FLEEEEING.
   958 | D:2      | 958 ||| FLEEEEING.
   959 | D:2      | 959 ||| FLEEEEING.
   960 | D:2      | 960 ||| FLEEEEING.
   961 | D:2      | 961 ||| FLEEEEING.
  1039 | D:2      | Reached XP level 4. HP: 22/22 MP: 5/5
  1225 | D:2      | Identified the +2 pair of gloves of Ogeygotz {rElec Will-
                  | Str+6}
  1320 | D:2      | 1320 ||| READING scroll labelled BUMYOR UPLENE.
  1323 | D:2      | 1323 ||| READING scroll labelled QUSISOEPTE.
  1423 | D:3      | Found a faded altar of an unknown god.
  2202 | D:3      | 2202 ||| UPGRADING to +1 hat.
  2207 | D:3      | 2207 ||| DRINKING 3 fuming dark potions.
  2208 | D:3      | 2208 ||| DRINKING orange potion.
  2209 | D:3      | 2209 ||| DROPPING 2 potions of ambrosia.
  2298 | D:4      | Found a burning altar of Makhleb.
  2328 | D:4      | Found a stormy altar of Qazlal.
  2452 | D:4      | Reached XP level 5. HP: 26/26 MP: 6/6
  2482 | D:4      | Noticed a black bear
  2486 | D:4      | Killed a black bear
  2487 | D:4      | Reached skill level 6 in Ranged Weapons
  2843 | D:4      | 2843 ||| READING 4 scrolls of identify.
  2843 | D:4      | 2843 ||| IDENTIFYING cyan potion
  2844 | D:4      | 2844 ||| READING 3 scrolls of identify.
  2844 | D:4      | 2844 ||| IDENTIFYING clear potion
  2845 | D:4      | 2845 ||| READING 2 scrolls of identify.
  2845 | D:4      | 2845 ||| IDENTIFYING blue potion
  2846 | D:4      | 2846 ||| READING scroll of identify.
  2846 | D:4      | 2846 ||| IDENTIFYING lumpy emerald potion
  2847 | D:4      | 2847 ||| READING scroll labelled XILECO BEGY.
  2848 | D:4      | 2848 ||| DRINKING 3 red potions.
  2849 | D:4      | 2849 ||| DROPPING potion of invisibility.
  2850 | D:4      | 2850 ||| DROPPING 2 potions of brilliance.
  2851 | D:4      | 2851 ||| DROPPING potion of lignification.
  2874 | D:5      | Entered Level 5 of the Dungeon
  2931 | D:5      | Noticed an ogre
  2933 | D:5      | 2933 ||| RETREEEEATING.
  2942 | D:5      | Killed an ogre
  2943 | D:5      | Reached skill level 6 in Dodging
  2943 | D:5      | Reached XP level 6. HP: 13/30 MP: 7/7
  2948 | D:5      | HP: 7/30 [scorpion (3)]
  2949 | D:5      | 2949 ||| READING scroll of teleportation.
  2950 | D:5      | HP: 2/30 [poisoned by a scorpion]
  2950 | D:5      | Slain by a scorpion

Levels and vault maps discovered:
D:1:      nzn_arrival_depleted_hourglass, layout_basic, chequers_mini_garden,
          minivault_5
D:2:      layout_basic
D:3:      layout_basic, shapermc_ecumenical_altar_ellora
D:4:      layout_basic, mainiacjoe_overflow_large_starburst
D:5:      cheibrodos_thug_alley, layout_gridville,
          minmay_temple_entry_statues_pillars,
          minmay_fractal_squares_diagonal_5, uniq_menkaure

Skill      XL: |  1  2  3  4  5 |
---------------+----------------+-----
Dodging        | 3 4 5 6 |  6.1
Ranged Weapons | 5 6 |  6.1
Fighting       | 2 |  2.0
Stealth        | |  1.5

Action                     |  1- 3 |  4- 6 || total
---------------------------+-------+-------++-------
   Fire: Shortbow          |    91 |   139 ||   230
    Use: Scroll            |     3 |     8 ||    11
         Potion            |       |     3 ||     3
 Armour: Robe              |     8 |    21 ||    29
  Dodge: Dodged            |    48 |    69 ||   117

Table legend:
 A = Non-vault XP
 B = Vault XP
 C = Vault XP percentage of total XP
 D = Non-vault monster count
 E = Vault monster count
 F = Vault count percentage of total count
                 A         B        C        D         E       F
            +---------+---------+-------+---------+---------+-------
      Total |     376 |     109 |  22.5 |      73 |       1 |   1.4
            +---------+---------+-------+---------+---------+-------
        D:1 |      43 |       0 |   0.0 |      26 |       0 |   0.0
        D:2 |      78 |       0 |   0.0 |      15 |       0 |   0.0
        D:3 |      63 |       0 |   0.0 |      24 |       0 |   0.0
        D:4 |     174 |       0 |   0.0 |       6 |       0 |   0.0
        D:5 |      18 |     109 |  85.8 |       2 |       1 |  33.3
            +---------+---------+-------+---------+---------+-------
